 Dungeon Crawl Stone Soup version 0.30-a0-568-g124715a40b (webtiles) character file.

Game seed: 11271694490033333652

5 sokol815 the Sneak (level 1, -1/14 HPs)
             Began as a Kobold Delver on Dec 28, 2022.
             Slain by an orc
             ... wielding a +0 club
              (2 damage)
             ... on level 5 of the Dungeon.
             The game lasted 00:00:28 (91 turns).

sokol815 the Sneak (Kobold Delver)                    Turns: 91, Time: 00:00:29

Health: -1/14      AC:  6    Str:  9    XL:     1   Next: 88%
Magic:  1/1        EV: 13    Int: 11    God:
Gold:   0          SH:  0    Dex: 16    Spells: 0/0 levels left

rFire   . . .      SeeInvis .    a - +0 short sword
rCold   . . .      Faith    .    (no shield)
rNeg    . . .      Spirit   .    f - +0 ring mail
rPois   .          Reflect  .    e - +0 helmet
rElec   .          Harm     .    (no cloak)
rCorr   .          Rampage  .    (no gloves)
Will    .....                    (no boots)
Stlth   ++++                     (no amulet)
HPRegen 0.22/turn                (no ring)
MPRegen 0.07/turn                (no ring)

@: hasted, very quick
A: small, no large weapons, nightstalker 3
a: no special abilities


You were on level 5 of the Dungeon.
You visited 1 branch of the dungeon, and saw 1 of its levels.

Inventory:

Hand Weapons
 a - a +0 short sword (weapon)
Armour
 b - a +0 leather armour
 e - a +0 helmet (worn)
   (You found it on level 5 of the Dungeon)
 f - a +0 ring mail (worn)
   (You found it on level 5 of the Dungeon)
Wands
 d - a wand of digging (3)
Scrolls
 c - a scroll of fog
 E - a scroll of fear
 X - a scroll of magic mapping {@r4!r}


   Skills:
 - Level 3.2 Fighting
 + Level 3.4 Short Blades
 - Level 2.4 Dodging
 - Level 6.6 Stealth


You couldn't memorise any spells.
You didn't know any spells.
Your spell library contained the following spells:

 Spells                   Type           Power      Damage    Failure   Level
 Shock                    Conj/Air       0%         1d3       69%         1
 Swiftness                Air            0%         N/A       96%         3
 Airstrike                Air            0%         2d(0-16)  100%        4


Dungeon Overview and Level Annotations

Branches:
Dungeon (5/15) Zot: 5914
 Temple: D:4-7

Altars:

Annotations:
D:5 Eustachio


Innate Abilities, Weirdness & Mutations

You are small and have problems with some larger weapons.
You are completely attuned to the shadows.


Message History

Bad channel name for runrest: 'Jiyva says: Divide and consume' Welcome, sokol815 the Kobold Delver.
It is said that the Orb of Zot exists deep within this dungeon.
Found a stone staircase leading down.
There's nothing to close nearby.
You pick up a book of Air and begin reading...
You add the spells Shock, Swiftness and Airstrike to your library.
Found a stone staircase leading down.
e - a +0 helmet You see here a +0 ring mail.
f - a +0 ring mail You start removing your armour.
You continue taking off your +0 leather armour. x4
You finish taking off your +0 leather armour.
You start putting on your armour.
You continue putting on your +0 ring mail. x5
You finish putting on your +0 ring mail.
You start putting on your armour.
You continue putting on your +0 helmet. x4
You finish putting on your +0 helmet.
An ufetubus comes into view.
The ufetubus shouts!
You hear a shout!
Eustachio the Magnificent comes into view.
He is wielding a +0 rapier and wearing a +2 leather armour of poison resistance.
The ufetubus barely misses you.
The ufetubus hits you but does no damage.
Eustachio moves out of view.
The ufetubus barely misses you.
The ufetubus hits you but does no damage.
The ufetubus attacks as you move away!
The ufetubus hits you but does no damage.
The ufetubus closely misses you. The ufetubus misses you. x2
The ufetubus completely misses you. x2
The ufetubus attacks as you move away! The ufetubus barely misses you.
The ufetubus hits you but does no damage.
An orc comes into view. It is wielding a +0 dagger.
The ufetubus closely misses you.
The ufetubus hits you but does no damage.
An orc comes into view. It is wielding a +0 dagger.
The orc shouts!
You hear a shout! x3
An orc comes into view. It is wielding a +0 club.
The ufetubus barely misses you. The ufetubus closely misses you.
The ufetubus attacks as you move away!
The ufetubus hits you but does no damage.
The ufetubus barely misses you. The ufetubus barely misses you.
The ufetubus hits you but does no damage.
The ufetubus hits you. The ufetubus misses you. The ufetubus barely misses you.
The ufetubus closely misses you.
You take 2 damage, and have 12/14 hp.
You barely miss the ufetubus. The ufetubus misses you.
The ufetubus completely misses you.
You closely miss the ufetubus. The ufetubus closely misses you.
The ufetubus hits you but does no damage.
The ufetubus hits you. The ufetubus misses you.
You take 1 damage, and have 11/14 hp.
You feel yourself speed up. The ufetubus barely misses you.
The ufetubus hits you but does no damage.
You barely miss the ufetubus. The ufetubus misses you.
The ufetubus hits you but does no damage.
You hit the ufetubus.
The ufetubus hits you but does no damage.
The ufetubus hits you.
You take 2 damage, and have 10/14 hp.
You hit the ufetubus. The ufetubus hits you.
The ufetubus hits you but does no damage.
You take 2 damage, and have 8/14 hp.
You barely miss the ufetubus. The ufetubus barely misses you.
The ufetubus hits you.
You take 3 damage, and have 5/14 hp.
MASSIVE DAMAGE!!
You hit the ufetubus.
You kill the ufetubus!
Your Short Blades skill increases to level 3!
The orc hits you but does no damage. The orc hits you with a +0 dagger.
* * * LOW HITPOINT WARNING * * *
You take 1 damage, and have 4/14 hp.
The orc hits you but does no damage.
You barely miss the orc. You hit the orc but do no damage.
The orc hits you with a +0 club.
* * * LOW HITPOINT WARNING * * *
You take 4 damage, and have 1/14 hp.
MASSIVE DAMAGE!!
You hit the orc. You hit the orc. The orc closely misses you.
You hit the orc. You hit the orc. The orc hits you with a +0 club.
You die...

#..##...##
###.###.#.#
..#####...###...#
......#.##.....#
..###.#.##.#.###
#.........#
#...#...#...
#.##..#.#####
#.##.##@#
.##....##o#
.....##..o#
........###
....$..!#
.......?#
..$......#
........#


You could see 2 orcs.

Vanquished Creatures
  An ufetubus (D:5)
1 creature vanquished.

Notes
Turn   | Place    | Note
-------+----------+-------------------------------------------
     0 | D:5      | sokol815 the Kobold Delver began the quest for the Orb.
     0 | D:5      | Reached XP level 1. HP: 14/14 MP: 1/1
    59 | D:5      | Noticed Eustachio
    82 | D:5      | Reached skill level 3 in Short Blades
    87 | D:5      | HP: 1/14 [orc/+0 club (4)]
    91 | D:5      | Slain by an orc

Illustrated notes

Levels and vault maps discovered:
D:5:      layout_rooms, tgw_xom, temple_statues, uniq_eustachio, uniq_edmund,
          uniq_sigmund

Skill      XL: |  1 |
---------------+----+-----
Short Blades   | 3 |  3.4
Fighting       | |  3.2
Dodging        | |  2.4
Stealth        | |  6.6

Action                   || total
-------------------------++-------
Melee: Short sword       ||    13
  Use: Potion            ||     1
Armor: Ring mail         ||    14
Dodge: Dodged            ||    24

Table legend: (Time is in decaauts)
 A = Elapsed time spent in this place.
 B = Non-inter-level travel time spent in this place.
 C = Inter-level travel time spent in this place.
 D = Time resting spent in this place.
 E = Time spent auto-exploring this place.
 F = Levels seen in this place.
 G = Mean time per level.
                   A        B        C        D        E       F      G
               +--------+--------+--------+--------+--------+-----+--------+
         Total |     84 |     84 |      0 |      0 |     36 |   1 |   84.0 |
       Dungeon |     84 |     84 |      0 |      0 |     36 |   1 |   84.0 |
               +--------+--------+--------+--------+--------+-----+--------+

Top non-repeatable levels by time:
     D:5: 84 daAuts

Table legend:
 A = Kills in this place as a percentage of kills in entire the game.
 B = Kills by you in this place as a percentage of kills by you in the entire game.
 C = Kills by friends in this place as a percentage of kills by friends in the entire game.
 D = Other kills in this place as a percentage of other kills in the entire game.
 E = Experience gained in this place as a percentage of experience gained in the entire game.
 F = Experience gained in this place divided by the number of levels of this place that you have seen.
                   A       B       C       D       E      F
               +-------+-------+-------+-------+-------+----------------------
         Total | 100.0 | 100.0 |   N/A |   N/A | 100.0 |   8.0
       Dungeon | 100.0 | 100.0 |   N/A |   N/A | 100.0 |   8.0
               +-------+-------+-------+-------+-------+----------------------
